 Dungeon Crawl Stone Soup version 0.29-a0-483-g69413ace17 (webtiles) character file.

Game seed: 3671273119723653498

35 porpoise the Skirmisher (level 3, -8/30 HPs)
             Began as a Barachi Warper on May 26, 2022.
             Mangled by Terence
             ... wielding a +0 flail
              (12 damage)
             ... on level 2 of the Dungeon.
             The game lasted 00:05:43 (1397 turns).

porpoise the Skirmisher (Barachi Warper)            Turns: 1397, Time: 00:05:44

Health: -8/30      AC:  3    Str: 10 (12) XL:     3   Next: 35%
Magic:  6/6        EV: 11    Int: 10 (13) God:
Gold:   69         SH:  0    Dex: 10 (13) Spells: 6/6 levels left

rFire   . . .      SeeInvis .   a - +2 short sword (elec)
rCold   . . .      Faith    .   (no shield)
rNeg    . . .      Spirit   .   b - +0 leather armour
rPois   .          Reflect  .   (no helmet)
rElec   .          Harm     .   (no cloak)
rCorr   .          Rampage  .   (no gloves)
Will    .....                   (no boots)
Stlth   +.........              (no amulet)
HPRegen 0.10/turn               (no ring)
MPRegen 0.10/turn               (no ring)

@: attractive, slow
A: amphibious, slowness 1, strong legs 1, +LOS
a: Hop


You were on level 2 of the Dungeon.
You visited 1 branch of the dungeon, and saw 2 of its levels.

You collected 69 gold pieces.

Inventory:

Hand Weapons
 a - a +2 short sword of electrocution (weapon)
Missiles
 d - 7 boomerangs of dispersal (quivered)
 i - 3 poisoned darts
Armour
 b - a +0 leather armour (worn)
Magical Staves
 n - a staff of air
Jewellery
 k - an amulet of faith
Scrolls
 c - a scroll of blinking
 e - 2 scrolls of identify {unknown}
 g - a scroll of enchant armour {unknown}
 j - a scroll of fear {unknown}
 l - a scroll of acquirement {unknown}
 o - 2 scrolls of teleportation {unknown}
 p - 2 scrolls of magic mapping {unknown}
 q - a scroll of poison {unknown}
 s - a scroll of immolation {unknown}


   Skills:
 + Level 3.7 Fighting
 * Level 1.9 Short Blades
 - Level 2.0 Polearms
 - Level 1.0 Throwing
 - Level 1.2 Armour
 - Level 2.1 Dodging
 - Level 2.1 Spellcasting
 - Level 3.2 Translocations


You had 6 spell levels left.
You didn't know any spells.
Your spell library contained the following spells:

 Spells                   Type           Power      Damage    Failure   Level
 Blink                    Tloc           14%        N/A       16%         2
 Gell's Gravitas          Tloc           7%         N/A       30%         3
 Lesser Beckoning         Tloc           7%         N/A       30%         3
 Teleport Other           Tloc           7%         N/A       30%         3
 Manifold Assault         Tloc           7%         N/A       96%         5


Dungeon Overview and Level Annotations

Branches:
Dungeon (2/15)

Altars:

Annotations:
D:2 Terence


Innate Abilities, Weirdness & Mutations

You are amphibious.
You cover ground slowly.
You can hop short distances.
You have an extended range of vision and can be seen from far away.


Message History

You kill the giant cockroach!
Terence the Incautious comes into view.
He is wielding a +0 flail.
Okay, then.
You barely miss Terence. Terence closely misses you.
You closely miss Terence. Terence hits you with a +0 flail!
You hit Terence but do no damage. Terence hits you with a +0 flail!
You are too injured to fight recklessly!
You barely miss Terence. Terence shouts, "Now you die!"
Terence closely misses you.
It was a potion of curing.
You feel better. Terence hits you with a +0 flail!
It was a potion of heal wounds.
You feel much better. Terence barely misses you.
You hit Terence but do no damage. Terence hits you but does no damage.
You barely miss Terence. Terence hits you with a +0 flail.
You barely miss Terence. Terence closely misses you.
You hit Terence but do no damage. Lightning courses through Terence!
Terence is heavily wounded.
Terence hits you with a +0 flail.
You hit Terence but do no damage.
Terence is heavily wounded.
Terence barely misses you.
You hit Terence.
Terence is heavily wounded.
Terence barely misses you.
You barely miss Terence.
Terence is heavily wounded.
Terence hits you with a +0 flail!
Press: ? - help, v - describe, . - travel
Here: Terence, wielding a +0 flail and wearing a +0 chain mail (moderately wounded)
The floor.
It was a potion of degeneration.
There was something very wrong with that liquid.
You feel weakened.
You feel dopey.
You feel clumsy. Terence hits you with a +0 flail!
* * * LOW HITPOINT WARNING * * *
It was a potion of attraction.
You feel attractive to monsters. Terence hits you with a +0 flail!
You die...

#.# #.# #.# #.# #.# #.#
#.# #.# #.# #.# ... #.##
#.# #... #@# ####
#######@################
.......=.................
########.################
...# #####


You could see Terence.

Vanquished Creatures
  A dart slug (D:1)
  5 ball pythons
  4 endoplasms
  5 giant cockroaches
  3 hobgoblins
  6 kobolds
  A frilled lizard (D:1)
  2 goblins
  5 rats
32 creatures vanquished.

Vanquished Creatures (others)
  A plant (D:1)
1 creature vanquished.

Grand Total: 33 creatures vanquished

Notes
Turn   | Place    | Note
-------+----------+-------------------------------------------
     0 | D:1      | porpoise the Barachi Warper began the quest for the Orb.
     0 | D:1      | Reached XP level 1. HP: 17/17 MP: 3/3
   241 | D:1      | Reached XP level 2. HP: 2/24 MP: 5/5
   696 | D:1      | Reached skill level 1 in Short Blades
  1055 | D:2      | Reached XP level 3. HP: 29/29 MP: 6/6
  1381 | D:2      | Noticed Terence
  1397 | D:2      | Mangled by Terence

Illustrated notes

Levels and vault maps discovered:
D:1:      dpeg_arrival_tiny_j, layout_basic, serial_bayou_crossing
D:2:      layout_basic, ebering_ecumenical_altar_hall,
          kennysheep_generic_room_6, uniq_terence

Skill      XL: |  1  2 |
---------------+-------+-----
Fighting       | 3 |  3.7
Short Blades   | 1 |  1.9
Polearms       | |  2.0
Throwing       | |  1.0
Armour         | |  1.2
Dodging        | |  2.1
Spellcasting   | |  2.1
Translocations | |  3.2

Action                   || total
-------------------------++-------
Melee: Spear             ||    72
       Short sword       ||    48
  Use: Potion            ||     4
 Stab: Sleeping          ||     1
Armor: Leather armour    ||    18
Dodge: Dodged            ||    50

Table legend: (Time is in decaauts)
 A = Elapsed time spent in this place.
 B = Non-inter-level travel time spent in this place.
 C = Inter-level travel time spent in this place.
 D = Time resting spent in this place.
 E = Time spent auto-exploring this place.
 F = Levels seen in this place.
 G = Mean time per level.
                   A        B        C        D        E       F      G
               +--------+--------+--------+--------+--------+-----+--------+
         Total |   1544 |   1521 |     23 |    381 |    865 |   2 |  772.0 |
       Dungeon |   1544 |   1521 |     23 |    381 |    865 |   2 |  772.0 |
               +--------+--------+--------+--------+--------+-----+--------+

Top non-repeatable levels by time:
     D:1: 1130 daAuts
     D:2: 414 daAuts
